 Dungeon Crawl Stone Soup version 0.21.1-1-g345015f (webtiles) character file.

81 mike2R the Ducker (level 4, -1/34 HPs)
             Began as a Minotaur Wizard on June 13, 2018.
             Slain by Sigmund
             ... wielding a +2 scythe of slicing
              (12 damage)
             ... on level 2 of the Dungeon.
             The game lasted 00:09:19 (1754 turns).

mike2R the Ducker (Minotaur Wizard)                 Turns: 1754, Time: 00:09:20

Health: -1/34      AC:  7    Str: 12    XL:     4   Next: 20%
Magic:  6/6        EV:  9    Int: 20    God:
Gold:   102        SH:  0    Dex:  9    Spells: 2/7 levels left

rFire    . . .     SeeInvis .   n - +0 hand axe
rCold    . . .     Gourm    .   (no shield)
rNeg     . . .     Faith    .   i - +0 scale mail
rPois    .         Spirit   .   b - +0 hat
rElec    .         Reflect  .   (no cloak)
rCorr    .         Harm     .   (no gloves)
MR       .....                  e - +0 pair of boots
Stlth    ..........             (no amulet)
HPRegen  0.11/turn              (no ring)
MPRegen  0.10/turn              (no ring)

@: brilliant, lethally poisoned (-1 -> -2)
A: retaliatory headbutt, horns 2
a: no special abilities


You were on level 2 of the Dungeon.
You were not hungry.

You visited 1 branch of the dungeon, and saw 2 of its levels.

You collected 102 gold pieces.

Inventory:

Hand Weapons
 n - a +0 hand axe (weapon)
Missiles
 g - 79 stones (quivered)
Armour
 a - a +0 robe
 b - a +0 hat (worn)
 e - a +0 pair of boots (worn)
 f - a +0 hat
 i - a +0 scale mail (worn)
 k - a +0 chain mail
Scrolls
 m - 3 scrolls of remove curse {unknown}
 p - a scroll of enchant armour {unknown}
 q - a scroll of random uselessness {unknown}
 r - a scroll of immolation {unknown}
 s - a scroll of identify {unknown}
 t - a scroll of teleportation {unknown}
Potions
 o - a potion of degeneration {unknown}
Books
 c - a book of Minor Magic

   Spells                             Type                      Level
   a - Magic Dart                     Conjuration                  1
   b - Blink                          Translocation                2
   c - Call Imp                       Summoning                    2
   d - Slow                           Hexes                        2
   e - Conjure Flame                  Conjuration/Fire             3
   f - Mephitic Cloud                 Conjuration/Poison/Air       3
Comestibles
 d - 3 rations
 h - a chunk of flesh


   Skills:
 - Level 0.8 Fighting
   Level 0.7 Maces & Flails
 - Level 0.2 Throwing
 - Level 2.7 Dodging
 - Level 1.6 Stealth
 - Level 2.3 Spellcasting
 - Level 0.6 Conjurations
 - Level 0.6 Summonings
 + Level 2.3 Translocations


You had 2 spell levels left.
You knew the following spells:

 Your Spells              Type           Power        Failure   Level  Hunger
a - Magic Dart            Conj           ###.         8%          1    #......
b - Blink                 Tloc           N/A          5%          2    ##.....
c - Call Imp              Summ           ###.....     11%         2    ##.....


Dungeon Overview and Level Annotations

Branches:
Dungeon (2/15)

Altars:

Annotations:
D:2 Sigmund


Innate Abilities, Weirdness & Mutations

You reflexively headbutt those who attack you in melee.
You have a pair of horns on your head.


Message History

The adder is heavily wounded.
You feel sick. Something hits you but does no damage.
The adder closely misses you. You furiously retaliate!
You headbutt the adder, but do no damage.
You hit the adder.
You kill the adder!
Something hits you!
* * * LOW HITPOINT WARNING * * *
x2 It was a potion of brilliance.
You feel clever all of a sudden.
* * * LOW HITPOINT WARNING * * *
You feel sick. Something hits you but does no damage.
It was a potion of heal wounds.
You feel much better.
You feel sick. Something hits you.
You start resting.
You feel sick. x2
Something hits you!
You closely miss something. Something hits you!
You die...

#. #.##########
#####.###....#......
#.................##
#.###.....#....##.##
#.#.......#....##.##
#.........>.....#.##
#....##.###.#...#.##
##########....##'##......#.##
#..........#@##≈≈≈##.#.#<#.##
#.###########.'≈≈≈+..#.......
...##.#...#.......#≈≈≈#........##
..................##+##..........
....#...#.#.####### .....####.###
#.......#.#.# ####. #.#
........#$#.# #.####.#
#.#....<#.#.# #......#
#......##.#.# #......#


There were no monsters in sight!

Vanquished Creatures
  A gnoll (D:2)
  An adder (D:2)
  An ooze (D:1)
  3 leopard geckos (D:2)
  5 orcs (D:2)
  3 giant cockroaches (D:1)
  5 hobgoblins
  9 jackals
  4 kobolds
  A ball python (D:2)
  4 bats
  2 frilled lizards
  10 rats
49 creatures vanquished.

Notes
Turn   | Place    | Note
-------+----------+-------------------------------------------
     0 | D:1      | mike2R the Minotaur Wizard began the quest for the Orb.
     0 | D:1      | Reached XP level 1. HP: 14/14 MP: 2/2
   159 | D:1      | Reached XP level 2. HP: 13/20 MP: 2/4
   163 | D:1      | Learned a level 2 spell: Blink
   166 | D:1      | Learned a level 2 spell: Call Imp
   615 | D:1      | Reached skill level 1 in Translocations
   622 | D:1      | Reached XP level 3. HP: 26/27 MP: 5/5
  1429 | D:2      | Reached XP level 4. HP: 19/34 MP: 6/6
  1723 | D:2      | Noticed Sigmund
  1740 | D:2      | HP: 1/34 [poisoned by an adder]
  1754 | D:2      | Slain by Sigmund

Skill      XL: |  1  2  3 |
---------------+----------+-----
Translocations | 1 2 |  2.3
Fighting       | |  0.8
Maces & Flails | |  0.7
Throwing       | |  0.2
Dodging        | |  2.7
Stealth        | |  1.6
Spellcasting   | |  2.3
Conjurations   | |  0.6
Summonings     | |  0.6

Action                   |  1- 3 |  4- 6 || total
-------------------------+-------+-------++-------
Melee: Unarmed           |     9 |       ||     9
       Club              |    28 |       ||    28
       Headbutt          |    16 |     1 ||    17
       Hand axe          |    84 |    15 ||    99
Throw: Stone             |     4 |       ||     4
 Cast: Magic Dart        |    16 |       ||    16
  Use: Potion            |       |     2 ||     2
  Eat: Chunk             |     2 |     1 ||     3
Armor: Robe              |     4 |       ||     4
       Chain mail        |    34 |       ||    34
       Scale mail        |    20 |     9 ||    29
Dodge: Dodged            |    61 |     9 ||    70
